cohdb
Replays
Latest Replays
All Replays
Popular Replays
Top Player Replays
Match Explorer
How It Works
Community
CoH3 Stats
Reddit
Sign in to upload your games and track your stats! →
Sign in with Steam
Match 44945011
Unlisted
Match 44945011
Overview
Messages
Build Orders
End
Vickers Machine Gun Team
Construct Section Command Post
Dingo Light Scout Car
Infantry Section
Infantry Section
Construct Platoon Command Post
CMP 15cwt Truck
Grenade Package
Humber Armored Car
6-pounder Anti-tank Gun Team
Construct Company Command Post
Foot Guards Section
Foot Guards Section
Hank
Celebrimbor
matrix4x4
Markie21marc
[PD] squisl
Dirty Timbs
Thrill
TLS'Waifu
0
0
Comments
sign in to comment!
No comments posted yet!